AoeStats
← Mr.Godo

Arena

510300469Analyzed
4v4 RM · 1d ago on Sep 30, 2026· 42m 30s· 8 players
Game mode
Random Map
Map size
Large (8 player)
Population
200
Speed
Normal
Resources
Standard
Victory
Conquest
Starting age
Dark Age
Ending age
Imperial Age
RankedLock teamsTeams togetherTeam positionsShared explorationLock speedFull tech treeHidden civsTurbo modeCheats
Victory
Defeat
🇨🇳 Poles · China
1345
+10
🇨🇳 Portuguese · China
1309
+12
🇨🇳 Bulgarians · China
1266
+13
🇫🇷 Gurjaras · France
1170
+17
🇰🇷 Spanish · South Korea
1335
-19
🇰🇷 Saxons · South Korea
1216
-13
🇰🇷 Vikings · South Korea
1188
-12
🇰🇷 Persians · South Korea
1081
-8
仙逆许木
11:23 Feudal Age
12:12 Double-Bit Axe
15:03 Castle Age
13:05 Horse Collar
16:19 Bow Saw
18:18 Wheelbarrow
24:40 Wheelbarrow
24:43 Heavy Plow
25:58 Hand Cart
26:01 Gold Mining
26:07 Stone Mining
27:14 Loom
30:16 Imperial Age
28:29 Gold Shaft Mining
28:31 Caravan
28:43 Scale Barding Armor
28:48 Forging
29:22 Chain Barding Armor
30:05 Iron Casting
29:05 Pikeman
29:46 Squires
29:51 Husbandry
30:01 Bloodlines
30:21 Scale Mail Armor
31:02 Chain Mail Armor
30:24 Elite Konnik
31:06 Stirrups
30:51 Halberdier
30:55 Capped Ram
32:22 Plate Mail Armor
32:53 Blast Furnace
32:35 Plate Barding Armor
32:29 Conscription
33:33 Siege Ram
34:32 Fletching
35:31 Bodkin Arrow
35:56 Bracer
37:17 Siege Engineers
37:22 Masonry
40:39 Stone Shaft Mining
Kim jong-un
10:18 Feudal Age
14:36 Castle Age
12:29 Double-Bit Axe
12:34 Horse Collar
12:50 Gold Mining
15:27 Bow Saw
15:19 Heavy Plow
18:40 Light Cavalry
23:39 Husbandry
24:17 Town Watch
25:08 Wheelbarrow
24:19 Loom
24:59 Bloodlines
26:12 Gold Shaft Mining
26:45 Stone Mining
27:33 Devotion
28:36 Stone Shaft Mining
28:13 Scale Barding Armor
28:19 Forging
28:01 Fletching
29:08 Town Patrol
29:24 Hand Cart
29:17 Elite Skirmisher
30:04 Thumb Ring
32:56 Imperial Age
31:14 Ballistics
30:35 Treadmill Crane
31:17 Ballistics
32:19 Thumb Ring
33:26 Chain Barding Armor
33:02 Bodkin Arrow
33:08 Padded Archer Armor
35:18 Crop Rotation
34:50 Bracer
35:06 Leather Archer Armor
35:27 Plate Barding Armor
35:28 Iron Casting
37:01 Chemistry
35:33 Heavy Camel Rider
38:25 Conscription
38:35 Frontier Guards
41:58 Kshatriyas
Revenant
11:13 Feudal Age
12:44 Double-Bit Axe
15:00 Castle Age
13:28 Horse Collar
16:06 Bow Saw
22:26 Wheelbarrow
22:35 Wheelbarrow
22:07 Heavy Plow
23:38 Stone Mining
23:38 Gold Mining
24:28 Hand Cart
23:58 Loom
25:00 Stone Shaft Mining
29:03 Imperial Age
27:21 Szlachta Privileges
28:24 Scale Barding Armor
28:30 Forging
28:22 Treadmill Crane
29:12 Cavalier
29:53 Husbandry
30:04 Bloodlines
30:17 Conscription
30:59 Chain Barding Armor
31:14 Iron Casting
31:40 Crop Rotation
32:56 Blast Furnace
33:00 Fletching
35:24 Bodkin Arrow
35:22 Arrowslits
35:58 Ballistics
36:31 Hoardings
36:16 Elite Obuch
37:06 Scale Mail Armor
39:28 Capped Ram
40:21 Bracer
40:38 Chain Mail Armor
40:23 Murder Holes
40:38 Masonry
41:47 Squires
41:32 Arson
42:19 Plate Mail Armor
2067
12:44 Feudal Age
13:41 Double-Bit Axe
13:48 Gold Mining
16:39 Castle Age
17:45 Loom
21:13 Imperial Age
23:30 Stone Mining
25:01 Wheelbarrow
28:07 Town Watch
29:14 Guard Tower
30:05 Bow Saw
31:14 Chemistry
32:30 Fortified Wall
32:56 Keep
33:04 Conscription
33:17 Ballistics
32:48 Fletching
33:16 Treadmill Crane
33:47 Masonry
35:08 Two-Man Saw
34:20 Bodkin Arrow
35:17 Siege Engineers
35:15 Bracer
35:54 Coinage
35:35 Guilds
36:34 Murder Holes
37:11 Architecture
37:51 Banking
37:38 Arquebus
39:43 Hand Cart
39:29 Town Patrol
38:59 Onager
Sophie_J
10:34 Feudal Age
14:16 Castle Age
14:13 Double-Bit Axe
14:09 Horse Collar
17:26 Loom
20:20 Wheelbarrow
23:02 Hand Cart
22:42 Gold Mining
26:27 Gold Shaft Mining
25:43 Stone Mining
29:03 Imperial Age
26:21 Town Watch
26:42 Murder Holes
26:53 Scale Barding Armor
26:49 Scale Mail Armor
26:59 Forging
27:25 Masonry
27:27 Forging
27:31 Bloodlines
26:41 Light Cavalry
27:17 Pikeman
27:57 Squires
28:23 Chain Barding Armor
29:33 Stone Shaft Mining
29:02 Heavy Plow
29:15 Bow Saw
29:06 Cavalier
29:47 Husbandry
29:08 Light Cavalry
30:35 Savar
31:46 Arson
32:24 Guilds
32:31 Bow Saw
33:29 Conscription
33:32 Halberdier
35:13 Plate Barding Armor
34:53 Chain Mail Armor
35:14 Iron Casting
35:54 Two-Man Saw
38:21 Architecture
38:23 Plate Mail Armor
38:21 Citadels
40:11 Hoardings
40:28 Elite War Elephant
Mr.Godo
10:30 Feudal Age
14:37 Castle Age
13:09 Double-Bit Axe
14:26 Horse Collar
20:03 Loom
20:59 Bow Saw
23:49 Fletching
28:09 Town Watch
31:38 Heavy Plow
32:27 Fortified Wall
32:30 Gold Mining
32:57 Stone Mining
36:20 Imperial Age
33:38 Treadmill Crane
34:38 Forging
34:28 Scale Mail Armor
35:32 Chieftains
36:23 Gold Shaft Mining
36:43 Iron Casting
38:17 Chain Mail Armor
38:55 Squires
39:34 Crop Rotation
40:19 Capped Ram
iTunes
11:11 Feudal Age
14:48 Castle Age
12:59 Double-Bit Axe
12:57 Horse Collar
16:49 Bow Saw
16:52 Loom
23:57 Wheelbarrow
24:17 Heavy Plow
29:22 Imperial Age
27:57 Hand Cart
27:44 Town Watch
27:59 Gold Mining
28:00 Stone Mining
28:36 Padded Archer Armor
28:45 Fletching
29:52 Stone Shaft Mining
30:23 Conscription
31:05 Chemistry
31:13 Two-Man Saw
30:16 Town Patrol
30:35 Caravan
31:18 Leather Archer Armor
33:31 Ring Archer Armor
34:49 Bombard Tower
34:41 Masonry
35:04 Bloodlines
34:54 Husbandry
37:17 Fortified Wall
Alpenhime
10:26 Feudal Age
12:00 Double-Bit Axe
15:22 Castle Age
13:06 Horse Collar
16:26 Bow Saw
16:17 Heavy Plow
16:54 Loom
22:40 Wheelbarrow
23:39 Pikeman
24:40 Gold Mining
24:43 Stone Mining
26:04 Gold Shaft Mining
27:15 Town Watch
28:30 Scale Mail Armor
28:22 Fletching
28:32 Padded Archer Armor
31:07 Imperial Age
28:43 Treadmill Crane
29:40 Forging
29:56 Devotion
30:08 Bodkin Arrow
31:07 Ballistics
31:57 Bracer
33:06 Two-Man Saw
32:40 Crop Rotation
32:56 Leather Archer Armor
32:57 Chain Mail Armor
32:14 Halberdier
32:55 Squires
32:41 Gambesons
32:26 Crossbowman
33:11 Thumb Ring
34:40 Chemistry
34:20 Iron Casting
33:16 Elite Skirmisher
34:18 Arson
34:29 Arbalester
34:54 Light Cavalry
35:44 Bloodlines
35:35 Husbandry
35:47 Man-at-Arms
37:05 Conscription
37:22 Plate Mail Armor
36:31 Capped Ram
37:17 Shield Wall
38:25 Scale Barding Armor
39:50 Chain Barding Armor
40:10 Elite Varangian Guard
40:45 Long Swordsman
42:14 Masonry
Connection lost

Rejoining the realm…

Still unreachable

The connection could not be restored.

Session expired

The server has moved on; the page needs a fresh start.